Map: Dusk Towers

Players

Harstem

  • Race: Protoss Protoss

Jim - Winner!

  • Race: Protoss Protoss

Event: DreamHack Open Tours WCS Spring Championship

VOD

Have the link to the VOD?

Description

Time

  • Played on: May 14, 2016, 2:26 p.m.
  • Length: 14:58

All games in this series

Show
View Real Time Build Order
Export as new Build Order

Harstem Protoss 

Build Orders: 1 Gate Expand, Zealot Archon 

Get SALT Encoding   

  12  0:01  Probe (Chrono Boost)  
  13  0:11  Probe (Chrono Boost)  
  14  0:17  Pylon  
  14  0:22  Probe (Chrono Boost)  
  16  0:35  Probe (Chrono Boost)  
  16  0:39  Gateway  
  16  0:46  Probe (Chrono Boost)  
  16  0:47  Assimilator  
  17  0:56  Probe (Chrono Boost)  
  18  1:07  Probe (Chrono Boost)  
  19  1:22  Nexus  
  19  1:32  Cybernetics Core  
  19  1:35  Probe (Chrono Boost)  
  20  1:44  Assimilator  
  20  1:45  Probe (Chrono Boost)  
  21  1:52  Pylon  
  21  1:56  Probe (Chrono Boost)  
  22  2:03  Warp Gate  
  22  2:06  Probe (Chrono Boost)  
  23  2:10  Stalker (Chrono Boost)  
  26  2:28  Gateway  
  26  2:29  Mothership Core (Chrono Boost)  
  27  2:37  Stalker (Chrono Boost)  
  27  2:40  Probe (Chrono Boost)  
  30  2:48  Probe  
  31  2:54  Probe  
  32  3:00  Probe  
  32  3:05  Sentry (Chrono Boost)  
  35  3:06  Probe  
  35  3:07  Pylon  
  36  3:13  Probe  
  36  3:15  Robotics Facility  
  38  3:23  Stalker (Chrono Boost)  
  38  3:25  Probe (Chrono Boost)  
  38  3:27  Probe (Chrono Boost)  
  41  3:37  Probe (Chrono Boost)  
  41  3:38  Probe (Chrono Boost)  
  43  3:47  Probe (Chrono Boost)  
  44  3:49  Probe (Chrono Boost)  
  44  3:52  Twilight Council  
  45  3:57  Probe (Chrono Boost)  
  45  3:59  Probe (Chrono Boost)  
  47  4:03  Observer (Chrono Boost)  
  47  4:07  Probe  
  47  4:08  Assimilator  
  49  4:11  Probe, Forge  
  49  4:12  Stalker  
  52  4:17  Probe  
  52  4:21  Stalker  
  52  4:23  Probe (Chrono Boost)  
  54  4:28  Assimilator  
  54  4:33  Pylon  
  54  4:36  Blink (Chrono Boost)  
  54  4:44  Pylon  
  54  4:50  Probe  
  54  4:51  Probe  
  54  4:52  Protoss Ground Weapons Level 1 (Chrono Boost)  
  56  5:00  Probe  
  56  5:03  Probe  
  56  5:04  Stalker  
  56  5:05  Stalker  
  61  5:11  Probe  
  61  5:16  Probe  
  61  5:18  Pylon  
  62  5:21  Probe  
  62  5:22  Gateway  
  63  5:30  Probe  
  63  5:32  Stalker x2  
  63  5:33  Probe  
  69  5:36  Pylon  
  69  5:38  Pylon  
  69  5:43  Probe x2  
  69  5:44  Pylon  
  71  5:55  Probe  
  72  5:57  Sentry, Stalker  
  72  5:58  Probe  
  77  6:07  Probe  
  78  6:11  Probe  
  78  6:13  Charge  
  78  6:16  Nexus  
  78  6:17  Pylon  
  79  6:19  Probe  
  79  6:22  Zealot x3  
  86  6:27  Probe, Templar Archives  
  86  6:31  Probe  
  88  6:39  Probe  
  89  6:40  Gateway  
  89  6:43  Probe  
  89  6:44  Gateway  
  90  6:51  Probe  
  91  6:54  Forge, Protoss Ground Weapons Level 2 (Chrono Boost)  
  91  6:55  Probe  
  91  6:56  Pylon  
  92  7:03  Probe  
  92  7:07  Probe  
  94  7:15  High Templar x2  
  97  7:16  Probe  
  97  7:19  Probe  
  99  7:24  Pylon  
  99  7:28  Probe x2  
  101  7:30  Assimilator  
  101  7:31  Probe, Protoss Shields Level 1 (Chrono Boost)  
  101  7:35  Gateway  
  101  7:36  Assimilator, High Templar x2  
  106  7:37  Gateway  
  106  7:40  Probe, Gateway  
  108  7:49  Archon  
  108  7:50  Archon  
  108  7:51  Zealot x3  
  113  8:01  Photon Cannon  
  113  8:02  Nexus  
  113  8:03  Photon Cannon  
  113  8:04  Pylon  
  113  8:08  Probe  
  113  8:11  High Templar x2  
  118  8:15  Probe  
  118  8:17  Pylon  
  118  8:18  Probe  
  120  8:21  Zealot x2, Psionic Storm  
  120  8:23  Pylon  
  124  8:28  Probe  
  124  8:31  High Templar  
  124  8:33  High Templar  
  124  8:34  Zealot  
  131  8:39  Photon Cannon  
  131  8:40  Sentry  
  133  8:45  Assimilator  
  133  8:47  Photon Cannon  
  134  8:50  Zealot x4  
  134  8:51  Assimilator  
  134  8:55  Robotics Bay  
  141  8:57  Protoss Ground Weapons Level 3 (Chrono Boost)  
  141  8:58  Robotics Facility  
  141  9:12  Probe  
  142  9:17  Probe  
  142  9:18  Observer (Chrono Boost)  
  142  9:19  Probe x2, Zealot x2  
  142  9:20  Zealot x2  
  142  9:22  Protoss Shields Level 2 (Chrono Boost)  
  154  9:25  Probe  
  154  9:27  Pylon  
  154  9:29  Probe  
  156  9:32  Pylon  
  156  9:43  Disruptor (Chrono Boost)  
  159  9:47  Disruptor (Chrono Boost)  
  159  9:51  Pylon  
  162  9:54  Zealot x6  
  174  10:04  Probe  
  175  10:07  Pylon  
  175  10:09  High Templar x2  
  175  10:10  Pylon  
  175  10:13  Pylon  
  179  10:16  Disruptor (Chrono Boost)  
  179  10:17  Stargate  
  183  10:30  High Templar x2  
  187  10:36  Archon  
  187  10:42  Nexus  
  187  10:44  Pylon  
  187  10:46  Pylon  
  190  11:00  Protoss Air Weapons Level 1 (Chrono Boost)  
  184  11:09  Probe, Fleet Beacon  
  185  11:14  Photon Cannon, Stargate  
  185  11:15  Probe  
  185  11:16  Oracle (Chrono Boost)  
  185  11:17  Stargate  
  185  11:18  Photon Cannon  
  189  11:22  Assimilator, High Templar x2  
  189  11:24  High Templar  
  189  11:25  High Templar  
  197  11:26  Assimilator, Warp Prism (Chrono Boost)  
  197  11:29  Archon  
  197  11:31  Protoss Shields Level 3  
  199  11:34  Archon  
  189  11:50  Probe x2  
  189  11:51  Probe  
  192  11:55  Tempest  
  186  12:16  Tempest  
  186  12:17  High Templar x4  
  198  12:25  Archon x2  
  198  12:26  Tempest  
  184  12:30  Photon Cannon  
  184  12:33  Tempest  
  188  12:37  Nexus  
  188  12:40  Pylon  
  188  12:43  Assimilator  
  182  12:47  Assimilator  
  180  12:53  Tempest, Probe x2  
  182  13:03  Tempest  
  182  13:05  Pylon  
  187  13:21  Tempest  
  185  13:30  Tempest  
  195  13:36  Pylon  
  195  13:40  Tempest  
  195  13:41  Pylon  
  191  13:44  Gateway  
  191  13:46  Pylon  
  191  13:48  Photon Cannon  
  195  13:51  Photon Cannon  
  195  13:52  Pylon  
  195  13:58  Tempest  
  195  14:04  Pylon  
  195  14:05  Archon  
  195  14:06  Archon  
  195  14:08  Archon  
  199  14:12  Pylon, Observer  
  200  14:28  Stalker x3  
  188  14:32  Sentry, Stalker x2  
  188  14:33  Stalker x2  
Show
View Real Time Build Order
Export as new Build Order

Jim Protoss - Winner!

Build Orders: Phoenix Opening 

Get SALT Encoding   

  12  0:00  Probe (Chrono Boost)  
  13  0:11  Probe (Chrono Boost)  
  14  0:17  Pylon  
  14  0:22  Probe (Chrono Boost)  
  15  0:36  Probe (Chrono Boost), Gateway  
  16  0:46  Probe (Chrono Boost)  
  17  0:51  Gateway  
  17  0:58  Probe (Chrono Boost)  
  17  1:01  Assimilator  
  18  1:07  Assimilator  
  18  1:08  Probe (Chrono Boost)  
  19  1:19  Probe (Chrono Boost)  
  19  1:23  Cybernetics Core  
  20  1:30  Probe (Chrono Boost)  
  21  1:33  Pylon  
  21  1:40  Probe (Chrono Boost)  
  22  1:51  Probe (Chrono Boost)  
  23  2:00  Stargate  
  23  2:01  Probe (Chrono Boost)  
  24  2:09  Warp Gate (Chrono Boost)  
  24  2:13  Probe  
  25  2:27  Nexus  
  25  2:35  Mothership Core  
  27  2:45  Phoenix (Chrono Boost)  
  29  2:54  Gateway  
  29  2:56  Probe  
  29  3:07  Phoenix (Chrono Boost)  
  29  3:11  Pylon  
  31  3:23  Pylon  
  31  3:29  Probe, Phoenix (Chrono Boost)  
  34  3:39  Probe (Chrono Boost)  
  35  3:41  Probe (Chrono Boost)  
  35  3:47  Robotics Facility  
  36  3:50  Probe (Chrono Boost)  
  36  3:52  Probe (Chrono Boost)  
  38  4:01  Probe (Chrono Boost)  
  40  4:03  Probe (Chrono Boost)  
  40  4:04  Phoenix  
  42  4:11  Probe (Chrono Boost)  
  42  4:13  Probe (Chrono Boost)  
  44  4:22  Probe (Chrono Boost)  
  44  4:24  Probe (Chrono Boost)  
  46  4:25  Pylon, Assimilator  
  46  4:30  Pylon  
  46  4:32  Probe (Chrono Boost)  
  46  4:34  Probe (Chrono Boost)  
  46  4:37  Observer (Chrono Boost)  
  49  4:41  Probe  
  49  4:42  Forge  
  50  4:45  Probe  
  50  4:52  Probe  
  51  4:56  Immortal (Chrono Boost), Assimilator  
  51  4:58  Probe  
  57  5:02  Probe  
  57  5:05  Sentry x2  
  57  5:07  Zealot  
  64  5:09  Pylon  
  64  5:11  Probe  
  64  5:13  Probe  
  65  5:18  Protoss Ground Weapons Level 1  
  66  5:24  Probe  
  67  5:32  Probe  
  67  5:34  Immortal (Chrono Boost)  
  72  5:40  Nexus  
  72  5:44  Pylon  
  72  5:45  Probe  
  72  5:47  Probe  
  74  5:58  Probe  
  74  5:59  Probe  
  76  6:04  Immortal (Chrono Boost)  
  76  6:05  Pylon  
  76  6:08  Probe  
  76  6:10  Pylon  
  81  6:11  Probe  
  81  6:16  Void Ray (Chrono Boost)  
  86  6:23  Photon Cannon  
  86  6:25  Photon Cannon  
  86  6:28  Probe  
  86  6:31  Probe  
  88  6:35  Pylon  
  88  6:38  Immortal  
  88  6:40  Probe  
  88  6:43  Probe  
  98  6:54  Void Ray (Chrono Boost)  
  98  6:56  Probe x2  
  98  6:57  Probe  
  98  7:01  Phoenix (Chrono Boost)  
  101  7:04  Twilight Council  
  101  7:06  Gateway  
  101  7:08  Probe  
  101  7:12  Probe  
  101  7:13  Probe  
  104  7:15  Immortal  
  104  7:19  Assimilator  
  104  7:20  Assimilator  
  108  7:25  Probe  
  108  7:26  Probe x2  
  108  7:29  Void Ray (Chrono Boost)  
  111  7:33  Fleet Beacon  
  115  7:38  Photon Cannon  
  115  7:47  Zealot  
  115  7:48  Zealot x2  
  115  7:50  Pylon  
  121  7:51  Immortal  
  121  7:52  Protoss Air Weapons Level 1 (Chrono Boost)  
  125  8:00  Stargate  
  125  8:01  Stargate  
  125  8:04  Void Ray (Chrono Boost)  
  129  8:13  Photon Cannon  
  129  8:14  Photon Cannon  
  129  8:16  Pylon, Phoenix  
  127  8:29  Probe  
  127  8:33  Photon Cannon  
  133  8:36  Photon Cannon  
  133  8:38  Photon Cannon  
  133  8:40  Photon Cannon  
  133  8:45  Carrier (Chrono Boost)  
  139  8:50  Graviton Catapult  
  139  8:58  Pylon  
  139  9:01  Pylon  
  139  9:11  Pylon  
  145  9:17  Photon Cannon  
  145  9:18  Carrier (Chrono Boost)  
  145  9:20  Carrier (Chrono Boost)  
  145  9:21  Photon Cannon  
  151  9:48  Anion Pulse-Crystals  
  147  10:01  Carrier (Chrono Boost)  
  153  10:08  Phoenix (Chrono Boost), Nexus  
  153  10:09  Stargate  
  153  10:12  Photon Cannon  
  152  10:19  Pylon  
  152  10:26  Observer  
  152  10:28  Pylon  
  153  10:30  Pylon  
  153  10:31  Carrier (Chrono Boost)  
  153  10:32  Assimilator  
  165  10:38  Assimilator  
  165  10:40  Pylon  
  165  10:43  Carrier (Chrono Boost)  
  165  10:54  Carrier (Chrono Boost)  
  169  11:09  Pylon  
  169  11:11  Pylon  
  169  11:13  Pylon  
  169  11:15  Pylon  
  169  11:16  Carrier (Chrono Boost), Pylon  
  175  11:32  Pylon  
  171  11:44  Observer  
  176  11:48  Carrier (Chrono Boost)  
  176  11:49  Protoss Air Weapons Level 2 (Chrono Boost)  
  176  11:52  Cybernetics Core  
  176  11:57  Nexus  
  176  11:58  Photon Cannon  
  176  12:00  Photon Cannon  
  182  12:01  Photon Cannon  
  182  12:03  Pylon  
  182  12:05  Pylon  
  182  12:07  Pylon  
  182  12:10  Carrier (Chrono Boost), Observer  
  182  12:12  Carrier (Chrono Boost)  
  189  12:28  Phoenix (Chrono Boost)  
  189  12:30  Protoss Air Armor Level 1 (Chrono Boost)  
  189  12:32  Observer  
  189  12:34  Carrier (Chrono Boost)  
  195  12:41  Photon Cannon  
  195  12:43  Photon Cannon  
  195  13:04  Phoenix (Chrono Boost)  
  197  13:13  Assimilator  
  197  13:15  Pylon  
  197  13:23  Observer  
  197  13:26  Phoenix (Chrono Boost)  
  200  13:35  Phoenix (Chrono Boost)  
  200  13:51  Photon Cannon  
  200  14:03  Stargate  
  200  14:10  Phoenix  
  200  14:13  Phoenix  
  200  14:24  Phoenix  
  200  14:28  Phoenix  
  198  14:31  Phoenix  

Tags
 
Add a new tag
Caveats
  • Supply blocks, unpowered buildings, or Contaminate may cause inaccurate times.
  • Supply counts are checked every 10 seconds.